 Dungeon Crawl Stone Soup version 0.29.1-1-gd02db6906a (webtiles) character file.

Game seed: 3175147718616682368

941 croobank the Sneak (level 8, -3/52 HPs)
             Began as an Octopode Summoner on Oct 4, 2022.
             Was an Initiate of Gozag.
             Slain by a black bear (5 damage)
             ... on level 6 of the Dungeon.
             The game lasted 00:18:33 (7835 turns).

croobank the Sneak (Octopode Summoner)              Turns: 7835, Time: 00:18:33

Health: -3/52      AC:  1    Str:  7    XL:     8   Next: 12%
Magic:  6/13       EV: 14    Int: 20    God:    Gozag
Gold:   302        SH:  0    Dex: 12    Spells: 1/14 levels left

rFire   . . .      SeeInvis .   a - +6 spear (vorpal)
rCold   . . .      Faith    .   (no shield)
rNeg    . . .      Spirit   .   (helmet restricted)
rPois   +          Reflect  .   (no amulet)
rElec   .          Harm     .   w - ring of poison resistance
rCorr   .          Rampage  .   (no ring)
Will    .....                   (no ring)
Stlth   ++++......              (no ring)
HPRegen 0.17/turn               (no ring)
MPRegen 0.13/turn               (no ring)
                                (no ring)
                                (no ring)

@: gold aura
A: almost no armour, amphibious, 8 rings, camouflage 1, gelatinous body 1,
(nimble swimmer 1), tentacles
a: Renounce Religion, Potion Petition, Call Merchant, Bribe Branch


You were on level 6 of the Dungeon.
You worshipped Gozag.
Gozag was aware of your devotion.
You visited 2 branches of the dungeon, and saw 7 of its levels.
You also visited: Sewer.

You collected 401 gold pieces.
You paid 99 gold pieces to Gozag.

Inventory:

Hand Weapons
 a - a +6 vorpal spear (weapon)
 b - a +0 sling
 e - a +0 short sword of flaming
 j - a +0 spear
 r - a +0 glaive of flaming
 B - a +2 dagger of speed
Jewellery
 w - a ring of poison resistance (left tentacle)
 C - a ring of protection from cold
Wands
 g - a wand of iceblast (10)
 y - a wand of quicksilver (11)
Scrolls
 c - 4 scrolls of immolation
 f - 4 scrolls of blinking
 h - a scroll of butterflies
 i - a scroll of identify
 k - a scroll of enchant armour
 q - 2 scrolls of magic mapping
 s - a scroll of silence
 v - a scroll of acquirement {unknown}
Potions
 d - 2 potions of haste
 l - a potion of heal wounds {unknown}
 m - 2 potions of curing
 n - a potion of lignification
 o - a potion of resistance {unknown}
 p - 3 potions of degeneration {unknown}
 t - a potion of might {unknown}
 u - a potion of attraction {unknown}
 x - a potion of cancellation {unknown}
 z - a potion of magic
 A - 2 potions of brilliance {unknown}


   Skills:
 + Level 3.3 Fighting
 + Level 4.1 Dodging
 + Level 6.0 Stealth
 + Level 3.9 Spellcasting
 + Level 2.8 Hexes
 + Level 5.6 Summonings
 + Level 0.0 Air Magic


You had one spell level left.
You knew the following spells:

 Your Spells              Type           Power      Damage    Failure   Level
a - Summon Small Mammal   Summ           100%       N/A       1%          1
b - Call Imp              Summ           26%        N/A       1%          2
c - Call Canine Familiar  Summ           26%        N/A       3%          3
d - Summon Guardian Gole  Hex/Summ       20%        N/A       7%          3
e - Summon Lightning Spi  Summ/Air       15%        N/A       38%         4

Your spell library contained the following spells:

 Spells                   Type           Power      Damage    Failure   Level
 Sandblast                Erth           6%         2d5       13%         1
 Passwall                 Tmut/Erth      2%         N/A       21%         2
 Conjure Flame            Conj/Fire      3%         6-21      36%         3
 Gell's Gravitas          Tloc           3%         N/A       36%         3
 Ignite Poison            Fire/Tmut/Pois 3%         N/A       36%         3
 Stone Arrow              Conj/Erth      6%         3d7       36%         3
 Teleport Other           Tloc           3%         N/A       36%         3
 Sticky Flame             Conj/Fire      3%         2d3       78%         4
 Dispersal                Tloc           1%         N/A       100%        6


Dungeon Overview and Level Annotations

Branches:
Dungeon (6/15)             Temple (1/1) D:5           Sewer (visited)

Altars:
Cheibriados
Dithmenos
Fedhas
Gozag
Kikubaaqudgha
Okawaru
Ru
Trog
Vehumet
Yredelemnul
Zin

Shops:
D:1 (


Innate Abilities, Weirdness & Mutations

You cannot wear most types of armour.
You are amphibious.
You can wear up to eight rings at the same time.
Your skin changes colour to match your surroundings (Stealth+).
Your rubbery body absorbs attacks. (AC +1, EV +1)
((You are camouflaged when in or above water. (Stealth+)))
You have tentacles for arms and can constrict up to eight enemies at once.


Message History

You swap places.
The ufetubus hits your hound. x2
Your hound closely misses the ufetubus.
The ufetubus closely misses your hound. x2
You swap places.
Your hound bites the ufetubus.
The ufetubus closely misses your hound. The ufetubus misses your hound.
Your hound bites the ufetubus.
The ufetubus dies!
Your hound barely misses the black bear.
Your hound bites the black bear.
The black bear misses your hound.
The black bear claws your hound but does no damage.
The black bear claws your hound.
Your hound bites the black bear.
The black bear bites your hound. The black bear claws your hound.
Your hound dies!
Your hound's corpse disappears in a puff of smoke!
Something bites your quokka!
Your quokka dies!
Your quokka's corpse disappears in a puff of smoke!
Casting: Summon Small Mammal (safe; 1% risk of failure)
Confirm with . or Enter, or press ? or * to list all spells.
The black bear goes berserk!
The black bear bites your quokka. The black bear misses your quokka.
The black bear claws your quokka.
Your quokka dies!
Your quokka's corpse disappears in a puff of smoke!
You swap places.
Your bat hits the black bear but does no damage.
The black bear bites your bat!
Your bat dies!
Your bat's corpse disappears in a puff of smoke!
Casting: Summon Small Mammal (safe; 1% risk of failure)
Confirm with . or Enter, or press ? or * to list all spells.
The black bear bites you!
* * * LOW HITPOINT WARNING * * *
The black bear claws you.
* * * LOW HITPOINT WARNING * * *
The black bear claws you!
* * * LOW HITPOINT WARNING * * *
The black bear attacks as you move away!
The black bear bites you.
You die...
Your body crumbles into a pile of gold.

#.#........# ....
####.#.....#..# ....
..#.#.....#..#
.....#####.#.#...#[#..#
#..........#.#........#
#.# #....<..........#
#.# #....#.#.........
#.########.#.#.......##
######.$..h@.h..#.#
.....
#....$.##########.#
..... ...............
..# ....
........####### ...
.... ........# ...
.......)# ........#
..#####.. .. #..


You could see a black bear (berserk, ally target) and a friendly hound
(summoned).

Vanquished Creatures
  A water moccasin (D:6)
  A phantom (D:5)
  A bullfrog (Sewer)
  2 orc priests
  2 hounds (D:5)
  An iguana (D:5)
  An orc wizard (D:4)
  A howler monkey zombie (D:6)
  3 gnolls
  3 adders (Sewer)
  A howler monkey skeleton (D:6)
  A worm (D:2)
  A dart slug (D:1)
  2 orcs
  2 bats
  3 endoplasms
  6 giant cockroaches
  5 hobgoblins
  3 jackals (D:1)
  5 quokkas
  5 ball pythons
  8 frilled lizards
  2 goblins (D:1)
60 creatures vanquished.

Vanquished Creatures (collateral kills)
  An ogre (D:4)
  A centaur skeleton (D:6)
  2 iguanas
  An orc wizard (D:5)
  6 gnolls
  3 adders
  A river rat (D:4)
  An ufetubus (D:6)
  4 worms
  4 dart slugs
  4 orcs
  6 endoplasms
  8 giant cockroaches
  5 goblins
  5 hobgoblins
  A jackal (D:1)
  4 kobolds
  3 quokkas
  4 ball pythons
  3 bats
  10 frilled lizards
  8 rats
85 creatures vanquished.

Vanquished Creatures (others)
  A fungus (D:3)
  A plant (D:5)
2 creatures vanquished.

Grand Total: 147 creatures vanquished

Notes
Turn   | Place    | Note
-------+----------+-------------------------------------------
     0 | D:1      | croobank the Octopode Summoner began the quest for the Orb.
     0 | D:1      | Reached XP level 1. HP: 11/11 MP: 3/3
   287 | D:1      | Reached skill level 3 in Stealth
   287 | D:1      | Reached XP level 2. HP: 17/17 MP: 5/5
   290 | D:1      | Learned a level 2 spell: Call Imp
   356 | D:1      | Found Othal's Weapon Emporium.
  1039 | D:1      | Reached XP level 3. HP: 21/21 MP: 4/6
  1043 | D:1      | Learned a level 3 spell: Call Canine Familiar
  1887 | D:2      | Found an ancient bone altar of Kikubaaqudgha.
  2322 | D:2      | Reached XP level 4. HP: 27/27 MP: 2/7
  2450 | D:2      | Reached skill level 1 in Fighting
  2708 | D:2      | Reached skill level 4 in Stealth
  3205 | D:3      | Reached XP level 5. HP: 33/33 MP: 5/9
  3209 | D:3      | Learned a level 3 spell: Summon Guardian Golem
  3384 | D:3      | Found a snail-covered altar of Cheibriados.
  3578 | D:3      | Found a glowing silver altar of Zin.
  4171 | D:3      | Found a faded altar of an unknown god.
  4427 | D:4      | Found a glowing drain.
  4433 | Sewer    | Entered a sewer
  4510 | Sewer    | Reached XP level 6. HP: 36/39 MP: 8/10
  4563 | Sewer    | Reached skill level 1 in Hexes
  4758 | Sewer    | Reached skill level 5 in Summonings
  5445 | D:4      | Reached skill level 5 in Stealth
  5602 | D:4      | Reached XP level 7. HP: 44/45 MP: 11/11
  6545 | D:5      | Entered Level 5 of the Dungeon
  6998 | D:5      | Found a staircase to the Ecumenical Temple.
  7033 | Temple   | Entered the Ecumenical Temple
  7125 | Temple   | Became a worshipper of Gozag Ym Sagoz the Greedy
  7198 | D:5      | Found a blossoming altar of Fedhas.
  7198 | D:5      | Found an ancient bone altar of Kikubaaqudgha.
  7570 | D:6      | Reached XP level 8. HP: 29/52 MP: 13/13
  7572 | D:6      | Reached skill level 6 in Stealth
  7753 | D:6      | Learned a level 4 spell: Summon Lightning Spire
  7834 | D:6      | HP: 2/52 [black bear (7)]
  7835 | D:6      | Slain by a black bear

Illustrated notes

Levels and vault maps discovered:
D:1:      dpeg_arrival_snail, layout_basic, serial_shops,
          nicolae_shop_advertising_works [nicolae_subvault_shop_adworks]
D:2:      layout_loops_ring, basic_altar
D:3:      layout_rooms, kennysheep_slug_shrine, nicolae_overflow_hidden_temple,
          serial_glass, glass_columns_b, glass_columns_b,
          shapermc_ecumenical_altar_petra, st_stairs_2
D:4:      layout_layer_cave, portal_sewer_entry_e
D:5:      layout_basic, grunt_temple_overflow_growth_and_decay, temple_green,
          kennysheep_crisscross, minmay_curled_crystal
D:6:      layout_basic, mainiacjoe_overflow_surrounded_room, serial_undead,
          serial_undead_a, serial_undead_f, serial_undead_f, serial_undead_f,
          hangedman_abyss_or_decor_lesser_grid, uniq_menkaure
Temple:   nicolae_temple_figure_eight

Skill      XL: |  1  2  3  4  5  6  7  8 |
---------------+-------------------------+-----
Stealth        | 3 4 5 6 |  6.0
Fighting       | 1 2 3 |  3.3
Dodging        | 3 4 |  4.1
Hexes          | 1 2 |  2.8
Spellcasting   | 3 |  3.9
Summonings     | 5 |  5.6

Action                   |  1- 3 |  4- 6 |  7- 9 || total
-------------------------+-------+-------+-------++-------
Melee: Unarmed           |    14 |       |       ||    14
       Tentacles         |    14 |    15 |    10 ||    39
       Constrict         |    14 |    15 |     7 ||    36
       Short sword       |    26 |    61 |       ||    87
       Glaive            |       |     4 |       ||     4
       Spear             |       |     6 |    57 ||    63
       Punch             |       |       |     1 ||     1
 Cast: Summon Small Mamm |    40 |    54 |    18 ||   112
       Call Imp          |     9 |    15 |     4 ||    28
       Call Canine Famil |     8 |    16 |     6 ||    30
       Summon Guardian G |       |       |     1 ||     1
  Use: Scroll            |       |    14 |     1 ||    15
       Potion            |       |       |     1 ||     1
 Stab: Sleeping          |     5 |     2 |     2 ||     9
       Distracted        |     1 |       |     1 ||     2
Armor: Skin              |     5 |     7 |     5 ||    17
Dodge: Dodged            |    37 |    38 |    25 ||   100
